 Dungeon Crawl Stone Soup version 0.17-b1-25-g6d8775f (console) character file.

4 gw the Insei (level 1, 0/18 HPs)
             Began as a Demigod Monk on Nov 6, 2015.
             Slain by a bat (1 damage)
             ... on level 1 of the Dungeon.
             The game lasted 00:02:28 (483 turns).

gw the Insei (Demigod Monk)                          Turns: 483, Time: 00:02:28

Health: 0/18       AC:  2    Str: 14    XL:     1   Next: 40%
Magic:  3/3        EV: 13    Int: 14    God:
Gold:   11         SH:  0    Dex: 18    Spells: 0 memorised, 0 levels left

rFire  . . .     SeeInvis .       - Unarmed
rCold  . . .     Clarity  .     a - +0 robe
rNeg   . . .     SustAt   +     (no shield)
rPois  .         Gourm    .     (no helmet)
rElec  .         Spirit   .     (no cloak)
rCorr  .         Warding  .     (no gloves)
rMut   .         Stasis   .     (no boots)
MR     .....                    (no amulet)
Stlth  ++........               (no ring)
                                (no ring)

@: not resistant to hostile enchantments, unstealthy
A: high mp 1, sustain attributes
a: no special abilities


You were on level 1 of the Dungeon.
You were not hungry.

You visited 1 branch of the dungeon, and saw 1 of its levels.

You collected 11 gold pieces.

Inventory:

Armour
 a - a +0 robe (worn)
Comestibles
 b - a bread ration


   Skills:
 + Level 2.9 Fighting
 + Level 0.1 Armour
 - Level 2.6 Dodging
 - Level 1.7 Stealth
 + Level 3.6 Unarmed Combat


You couldn't memorise any spells.
You didn't know any spells.

Dungeon Overview and Level Annotations

Branches:
Dungeon (1/15)


Innate Abilities, Weirdness & Mutations

You have an increased reservoir of magic (+10% MP).
Your attributes are resistant to harm.


Message History

Attempting RANGED ATTACK TO (0,-1); Fight failed Unknown command.
Unknown command.
Unknown command.
Unknown command.
Attempting RANGED ATTACK TO (0,-1); Fight failed; Making a random move The bat barely misses you. x2
The giant cockroach completely misses you.
The bat misses you.
Unknown command.
Unknown command.
Unknown command.
MOVING TO (7,1)
The bat closely misses you. The rat completely misses you.
Unknown command.
Unknown command.
Unknown command.
MOVING TO (6,0)
The giant cockroach closely misses you. The rat bites you. The bat hits you.
You die...

.........# #.# .#
#####....# #.# .# .#
.####....####.###.###.#
...##.................##
#############..#........
...# ####(#........ ...#
#...(g........ ##.#
#....srb...### ...#
#....Kpg...... ...#
#####+#..####. #### ..#
...# ...# ...# #..# ..<#
..# ...# ..# ...# ..#
##.#


You could see a giant cockroach, a hobgoblin, a goblin, a bat, a kobold and a
rat.

Table legend:
 A = Turns spent in this place as a percentage of turns spent in the entire game.
 B = Non-inter-level travel turns spent in this place as a percentage of non-inter-level travel turns spent in the entire game.
 C = Inter-level travel turns spent in this place as a percentage of turns spent in this place.
 D = Turns resting spent in this place as a percentage of non-inter-level travel turns spent in this place.
 E = Turns spent auto-exploring this place as a percentage of non-inter-level travel turns spent in this place.
 F = Non-inter-level travel turns spent in this place divided by the number of levels of this place that you've seen.
                   A       B       C       D       E      F
               +-------+-------+-------+-------+-------+----------------------
         Total | 100.0 | 100.0 |   0.0 |   0.0 |   0.6 | 3116.0
       Dungeon | 100.0 | 100.0 |   0.0 |   0.0 |   0.6 | 3116.0
               +-------+-------+-------+-------+-------+----------------------

Table legend:
 A = Kills in this place as a percentage of kills in entire the game.
 B = Kills by you in this place as a percentage of kills by you in the entire game.
 C = Kills by friends in this place as a percentage of kills by friends in the entire game.
 D = Other kills in this place as a percentage of other kills in the entire game.
 E = Experience gained in this place as a percentage of experience gained in the entire game.
 F = Experience gained in this place divided by the number of levels of this place that you have seen.
                   A       B       C       D       E      F
               +-------+-------+-------+-------+-------+----------------------
         Total | 100.0 | 100.0 |  -nan |  -nan | 100.0 |   6.0
       Dungeon | 100.0 | 100.0 |  -nan |  -nan | 100.0 |   6.0
               +-------+-------+-------+-------+-------+----------------------

Vanquished Creatures
  A bat (D:1)
  A hobgoblin (D:1)
  A giant newt (D:1)
  A rat (D:1)
4 creatures vanquished.

Notes
Turn   | Place    | Note
--------------------------------------------------------------
     0 | D:1      | gw the Demigod Monk began the quest for the Orb.
     0 | D:1      | Reached XP level 1. HP: 18/18 MP: 3/3
   483 | D:1      | Slain by a bat

Action                   || total
-------------------------++-------
Melee: Unarmed           ||     9

Vault maps used:
D:1:      dpeg_arrival_ternary
